 Dungeon Crawl Stone Soup version 0.28.0-53-g5a82cb258f (webtiles) character file.

Game seed: 9185052745164698120

2790 MiltankisOP the Nimble (level 9, -17/88 HPs)
             Began as a Troll Monk on June 14, 2022.
             Demolished by a manticore (20 damage)
             ... on level 6 of the Dungeon.
             The game lasted 00:09:49 (5161 turns).

MiltankisOP the Nimble (Troll Monk)                 Turns: 5161, Time: 00:09:50

Health: -17/88     AC:  4    Str: 25    XL:     9   Next: 43%
Magic:  8/8        EV: 13    Int:  6    God:
Gold:   132        SH:  0    Dex: 12    Spells: 8/8 levels left

rFire   . . .      SeeInvis .     - Unarmed
rCold   . . .      Faith    .   (no shield)
rNeg    . . .      Spirit   .   a - +0 robe
rPois   .          Reflect  .   (helmet restricted)
rElec   .          Harm     .   (no cloak)
rCorr   .          Rampage  .   (gloves unavailable)
Will    +....                   (boots unavailable)
Stlth   ++........              p - amulet of the acrobat
HPRegen 1.04/turn               j - ring of willpower
MPRegen 0.11/turn               (no ring)

@: spiked
A: large, unfitting armour, claws 3, regeneration 1, shaggy fur 1, tough skin 1
a: no special abilities


You were on level 6 of the Dungeon.
You visited 1 branch of the dungeon, and saw 6 of its levels.
You also visited: Ossuary.

You collected 152 gold pieces.
You spent 20 gold pieces at shops.

Inventory:

Armour
 a - a +0 robe (worn)
Jewellery
 i - a +6 ring of intelligence
 j - a ring of willpower (left claw)
 p - an amulet of the acrobat (around neck)
Scrolls
 d - a scroll of torment {unknown}
 g - 3 scrolls of teleportation {unknown}
 h - 4 scrolls of enchant armour
 k - 2 scrolls of enchant weapon {unknown}
 q - a scroll of fear {unknown}
 r - 4 scrolls of fog
 s - a scroll of vulnerability {unknown}
 t - a scroll of brand weapon {unknown}
 u - a scroll of acquirement {unknown}
 v - 2 scrolls of silence {unknown}
 x - a scroll of immolation {unknown}
 y - a scroll of amnesia {unknown}
 A - a scroll of summoning {unknown}
 B - a scroll of identify
Potions
 b - 4 potions of flight
 c - 2 potions of might
 e - a potion of degeneration
 f - 4 potions of curing
 l - 5 potions of heal wounds
 m - 2 potions of lignification
 n - a potion of mutation
 o - a potion of magic
 w - 2 potions of invisibility
 z - a potion of resistance


   Skills:
 - Level 5.0 Fighting
 + Level 9.4 Dodging
 - Level 1.1 Stealth
 - Level 6.0 Unarmed Combat


You had 8 spell levels left.
You didn't know any spells.
Your spell library was empty.

Dungeon Overview and Level Annotations

Branches:
Dungeon (6/15)            Ossuary (visited)
 Temple: D:4-7

Altars:
Gozag
Hepliaklqana
Qazlal

Shops:
D:3 ?   D:6 *

Annotations:
D:4 1 runed translucent door, Zeld's ghost, amateur MiBe


Innate Abilities, Weirdness & Mutations

You are too large for most types of armour.
You have claws for hands.
Your natural rate of healing is unusually fast.
You are covered in fur. (AC +1)
You have tough skin. (AC +1)


Message History

A manticore comes into view.
The manticore flicks its tail.
The volley of spikes hits you!
The barbed spikes become lodged in your body.
The manticore flicks its tail.
The volley of spikes misses you.
The manticore flicks its tail.
The volley of spikes misses you.
The manticore flicks its tail.
The volley of spikes hits you.
The barbed spikes become lodged in your body.
The manticore flicks its tail.
The volley of spikes hits you!!
The barbed spikes become lodged in your body.
The manticore flicks its tail.
The volley of spikes misses you.
The manticore flicks its tail.
The volley of spikes hits you.
The barbed spikes become lodged in your body.
The manticore flicks its tail.
The volley of spikes hits you!!
The barbed spikes become lodged in your body.
The manticore flicks its tail.
The volley of spikes hits you!
The barbed spikes become lodged in your body.
* * * LOW HITPOINT WARNING * * *
The manticore flicks its tail.
The volley of spikes hits you!!
The barbed spikes become lodged in your body.
* * * LOW HITPOINT WARNING * * *
You mangle the manticore!!
The manticore is heavily wounded.
The manticore barely misses you. The manticore claws you.
* * * LOW HITPOINT WARNING * * *
The manticore claws you!
* * * LOW HITPOINT WARNING * * *
You scratch the manticore.
The manticore is heavily wounded.
The manticore bites you!!
You die...

###...#..#####.#.......#.#
#####.......###......#.#
#...##### #......#.#
#...#<######.#+###.#
#..................#
#####.######...##..#
######...# #......#..####
#........###............#
#.##.#.....H@.....#..##.#
#....................##.#
#..#######...####....##.#
##.# ### #...##......##.#
#.#######...##....>.##.#
#.+.._..'...##....#.##.#
#.###.###.####....#.##.#####
#.# #.# #.# #....#.##.#..>#
#.###'###.# #....#.##<#.#.#


You could see a manticore.

Vanquished Creatures
  An acid dragon (D:5)
  3 sky beasts
  An ice beast (D:6)
  3 hornet zombies (Ossuary)
  A necrophage (D:5)
  2 black bears
  2 ogres (D:5)
  Blork the orc (D:4)
  2 scorpions
  2 wyvern zombies
  A water moccasin zombie (Ossuary)
  A killer bee (D:6)
  A howler monkey (D:6)
  2 centaur zombies (Ossuary)
  A centaur skeleton (D:5)
  3 jellies
  A gnoll shaman (D:6)
  2 bullfrog skeletons
  2 orc priests (D:5)
  14 mummies (Ossuary)
  5 iguanas
  4 orc wizards
  3 killer bee zombies
  4 howler monkey zombies (Ossuary)
  5 adders
  A howler monkey skeleton (D:5)
  A shadow imp (D:6)
  2 white imps (D:6)
  3 ufetubi
  An adder skeleton (D:4)
  3 worms
  5 dart slugs
  11 orcs
  5 ball pythons
  7 endoplasms
  6 giant cockroaches
  2 goblins (D:1)
  8 hobgoblins
  4 quokkas
  5 bats
  5 frilled lizards
  2 kobolds
  6 rats
  2 bushes (D:1)
146 creatures vanquished.

Vanquished Creatures (others)
  12 withered plants
12 creatures vanquished.

Grand Total: 158 creatures vanquished

Notes
Turn   | Place    | Note
-------+----------+-------------------------------------------
     0 | D:1      | MiltankisOP the Troll Monk began the quest for the Orb.
     0 | D:1      | Reached XP level 1. HP: 22/22 MP: 0/0
    84 | D:1      | Reached XP level 2. HP: 29/29 MP: 1/1
   784 | D:2      | Reached XP level 3. HP: 36/36 MP: 2/2
  1758 | D:3      | Found a hazy altar of Hepliaklqana.
  1808 | D:3      | Reached XP level 4. HP: 45/45 MP: 3/3
  2034 | D:3      | Found Buquomou's Magic Scroll Emporium.
  2047 | D:3      | Bought a scroll of identify for 20 gold pieces
  2496 | D:4      | Noticed a black bear
  2503 | D:4      | Killed a black bear
  2504 | D:4      | Reached XP level 5. HP: 54/54 MP: 4/4
  2583 | D:4      | Reached skill level 5 in Unarmed Combat
  2639 | D:4      | Reached XP level 6. HP: 58/62 MP: 5/5
  2694 | D:4      | Noticed Blork the orc
  2696 | D:4      | Found a runed translucent door.
  2697 | D:4      | Noticed Zeld's ghost (amateur MiBe)
  2713 | D:4      | Killed Blork the orc
  2859 | D:4      | Found a stormy altar of Qazlal.
  3221 | D:5      | Entered Level 5 of the Dungeon
  3226 | D:5      | Noticed an acid dragon
  3383 | D:5      | Killed an acid dragon
  3384 | D:5      | Reached skill level 5 in Fighting
  3384 | D:5      | Reached XP level 7. HP: 50/72 MP: 6/6
  3435 | D:5      | Reached skill level 3 in Dodging
  3501 | D:5      | Found a sand-covered staircase.
  3507 | Ossuary  | Entered an ossuary
  3549 | Ossuary  | Reached skill level 4 in Dodging
  3621 | Ossuary  | Reached skill level 5 in Dodging
  3630 | Ossuary  | Reached XP level 8. HP: 80/80 MP: 7/7
  3720 | Ossuary  | Reached skill level 6 in Dodging
  4053 | D:5      | Reached skill level 7 in Dodging
  4223 | D:5      | Reached skill level 8 in Dodging
  4245 | D:5      | Reached XP level 9. HP: 88/88 MP: 8/8
  4666 | D:6      | Found an opulent altar of Gozag.
  4750 | D:6      | Reached skill level 9 in Dodging
  4902 | D:6      | Found Xohys's General Store.
  5145 | D:6      | Noticed a manticore
  5160 | D:6      | HP: 2/88 [manticore (7)]
  5161 | D:6      | Demolished by a manticore

Illustrated notes

Levels and vault maps discovered:
D:1:      moated_graveyard_arrival, layout_basic, minmay_hedge_maze,
          hangedman_feature_mirror
D:2:      layout_basic, bh_walls_and_bars
D:3:      layout_basic, nicolae_overflow_crystal_walls, serial_shops,
          nicolae_diamond_shop
D:4:      layout_rooms, grunt_qazlal_sundering, gammafunk_ghost_grave,
          hangedman_decor_growths, uniq_blork_the_orc
D:5:      layout_loops_ring, enter_ossuary_1, cheibrodos_sewer_entry_sluice,
          grunt_ministairs_1
D:6:      layout_basic, lemuel_doored_altar, serial_shops, shop,
          minmay_joined_circles

Skill      XL: |  1  2  3  4  5  6  7  8  9 |
---------------+----------------------------+-----
Fighting       | 3 4 5 |  5.0
Unarmed Combat | 4 5 6 |  6.0
Dodging        | 5 8 9 |  9.4
Stealth        | |  1.1

Action                   |  1- 3 |  4- 6 |  7- 9 || total
-------------------------+-------+-------+-------++-------
Melee: Unarmed           |   212 |    99 |   313 ||   624
       Punch             |    10 |     4 |     7 ||    21
  Use: Scroll            |       |       |    12 ||    12
 Stab: Sleeping          |     2 |     3 |     3 ||     8
Armor: Robe              |    23 |    24 |    56 ||   103
Dodge: Dodged            |    41 |    61 |   172 ||   274
